 Dungeon Crawl Stone Soup version 0.28-a0-1382-g92835e5c71 (webtiles) character file.

Game seed: 4934708254580824752

208 swappor the Chopper (level 5, -4/70 HPs)
             Began as a Minotaur Berserker on Jan 1, 2022.
             Was a Believer of Trog.
             Slain by a wight (10 damage)
             ... on level 4 of the Dungeon.
             The game lasted 00:10:05 (2603 turns).

swappor the Chopper (Minotaur Berserker)            Turns: 2603, Time: 00:10:05

Health: -4/70      AC:  9    Str: 22    XL:     5   Next: 55%
Magic:  4/4        EV:  7    Int:  6    God:    Trog [**....]
Gold:   107        SH: 10    Dex:  9    Spells: 4/4 levels left

rFire   . . .      SeeInvis .   a - +2 war axe (flame)
rCold   . . .      Faith    .   d - +0 tower shield
rNeg    . . .      Spirit   .   g - +0 ring mail
rPois   .          Reflect  .   (helmet restricted)
rElec   .          Harm     .   c - +2 cloak {Stlth+}
rCorr   .          Rampage  .   (no gloves)
Will    .....                   (no boots)
Stlth   ..........              (no amulet)
HPRegen 0.21/turn               (no ring)
MPRegen 0.09/turn               (no ring)

@: berserking, very quick
A: horns 2, retaliatory headbutt
a: Renounce Religion, Berserk, Trog's Hand


You were on level 4 of the Dungeon.
You worshipped Trog.
Trog was pleased with you.
You visited 1 branch of the dungeon, and saw 4 of its levels.

You collected 107 gold pieces.

Inventory:

Hand Weapons
 a - a +2 war axe of flaming (weapon)
   (You found it on level 3 of the Dungeon)
 b - a +0 vorpal hunting sling
   (You found it on level 3 of the Dungeon)
Missiles
 s - 63 stones (quivered)
Armour
 c - a +2 cloak of stealth (worn)
   (You took it off Crazy Yiuf on level 2 of the Dungeon)
 d - a +0 tower shield (worn)
   (You found it on level 4 of the Dungeon)
 g - a +0 ring mail (worn)
   (You found it on level 1 of the Dungeon)
Scrolls
 e - a scroll of blinking {unknown}
 h - a scroll of immolation {unknown}
 i - a scroll of vulnerability {unknown}
 E - a scroll of fear
Potions
 f - a potion of flight {unknown}
 J - 3 potions of curing {@q1}
 M - a potion of might
 P - 2 potions of lignification {!q}


   Skills:
 + Level 4.5 Fighting
 * Level 5.4 Axes
 + Level 3.7 Armour
 + Level 3.3 Dodging
 * Level 1.5 Shields


You had 4 spell levels left.
You didn't know any spells.
Your spell library was empty.

Dungeon Overview and Level Annotations

Branches:
Dungeon (4/15)
 Temple: D:4-7

Altars:

Shops:
D:2 [

Annotations:
D:4 Ijyb


Innate Abilities, Weirdness & Mutations

You have a pair of horns on your head.
You reflexively headbutt those who attack you in melee.


Message History

Trog accepts your kill.
A rat comes into view.
You barely miss the rat. Your headbutt misses the rat.
The rat barely misses you.
You hit the rat. You burn the rat. The rat bites you but does no damage.
You slash the rat! You burn the rat.
You kill the rat!
Trog accepts your kill.
You now have 107 gold pieces (gained 18).
There is a stone staircase leading up here.
You see here a +0 chain mail.
Things that are here:
a +0 club; a +0 scale mail; an orc skeleton Done exploring.
Done exploring.
Search for what [Enter for "stone", or ? for help]? .
Unknown command.
There is a stone staircase leading down here.
Drop what? 13/52 slots (_ for help) (? for menu, Esc to quit)
Okay, then.
There is a stone staircase leading down here.
You climb downwards.
The orc shouts!
There is a stone staircase leading up here.
As you read the scroll labelled OSAPYO CABIUTWUA, it crumbles to dust.
You assume a fearsome visage.
The orc looks frightened!
The adder looks frightened!
The adder hisses angrily.
It was a scroll of fear.
E - a scroll of fear You see here a +0 tower shield.
You start putting on your armour.
You continue putting on your +0 tower shield. x2
Cornered, the adder turns to fight!
Keep equipping yourself?
You continue putting on your +0 tower shield. x2
You finish putting on your +0 tower shield.
Setting a skill training target for Shields at 25.0.
A wight comes into view. It is wielding a +1 short sword.
You hit the adder. You burn the adder. Your headbutt misses the adder.
The adder completely misses you.
A wight comes into view. It is wielding a +1 battleaxe.
The adder bites you but does no damage.
You hit the adder. You burn the adder.
You kill the adder!
Trog accepts your kill.
You barely miss the wight.
A wight comes into view. It is wielding a +0 mace.
The wight completely misses you. The wight hits you with a +6 falchion.
You take 1 damage, and have 40/41 hp.
You closely miss the wight. You hit the wight. You burn the wight.
You block the wight's attack. The wight hits you but does no damage.
The wight barely misses you.
You closely miss the wight. You hit the wight but do no damage.
The wight hits you with a +6 falchion! You block the wight's attack.
The wight hits you with a +6 falchion.
You take 17 damage, and have 23/41 hp.
MASSIVE DAMAGE!!
A red film seems to cover your vision as you go berserk!
You feel yourself moving faster!
You feel mighty! You block the wight's attack.
Ijyb the Twisted Goblin comes into view.
She is wielding a +0 club and carrying a wand of acid (9).
The wight hits you with a +6 falchion!
You feel drained.
You now have 27/60 hp.
You closely miss the wight. You hit the wight. You burn the wight.
You barely miss the wight. You block the wight's attack.
The wight hits you with a +1 short sword.
The wight hits you with a +6 falchion!
* * * LOW HITPOINT WARNING * * *
The wight hits you with a +0 mace!
* * * LOW HITPOINT WARNING * * *
You feel drained.
* * * LOW HITPOINT WARNING * * *
You take 21 damage, and have 6/58 hp.
MASSIVE DAMAGE!!
You slice the wight!! You burn the wight.
You destroy the wight!
Trog accepts your kill.
You completely miss the wight. You closely miss the wight. You slash the wight!
You burn the wight.
You destroy the wight!
Trog accepts your kill. The wight barely misses you.
The wight hits you with a +1 battleaxe.
* * * LOW HITPOINT WARNING * * *
You feel drained.
Your life force feels restored.
Your Shields skill increases to level 1!
You have reached level 5!
MP restored: 4 The wight closely misses you.
There is a stone staircase leading up here.
Things that are here:
a +0 mace; a +0 robe You feel a strong urge to attack something.
The wight barely misses you. You furiously retaliate!
You headbutt the wight!!
You feel the power of Trog in you as your rage grows.
You destroy the wight!
Trog accepts your kill.
The wight hits you with a +1 short sword!
You die...

....
...#########
#.........(#
#......$...
#..g.......
#.....).♣
#.......♣
#..@).!.♣
#..z....♣
#...........
#..........#
#..........#
#..##########
.... ...#.
#..


You could see Ijyb and a wight.

Vanquished Creatures
  3 wights (D:4)
  Crazy Yiuf (D:2)
  3 adders
  2 worms
  3 dart slugs
  An orc (D:3)
  2 ball pythons
  6 endoplasms
  2 giant cockroaches
  3 goblins
  8 hobgoblins
  4 jackals (D:1)
  5 bats
  A frilled lizard (D:2)
  6 kobolds
  3 rats
53 creatures vanquished.

Notes
Turn   | Place    | Note
-------+----------+-------------------------------------------
     0 | D:1      | swappor the Minotaur Berserker began the quest for the Orb.
     0 | D:1      | Reached XP level 1. HP: 19/19 MP: 0/0
   232 | D:1      | Found a faded altar of an unknown god.
   326 | D:1      | Reached XP level 2. HP: 25/27 MP: 1/1
   374 | D:1      | Reached skill level 4 in Axes
   735 | D:2      | Reached skill level 4 in Fighting
   735 | D:2      | Reached XP level 3. HP: 32/33 MP: 2/2
   756 | D:2      | Found a runed translucent door.
   757 | D:2      | Noticed Crazy Yiuf
   849 | D:2      | Reached skill level 3 in Armour
   867 | D:2      | Reached ** piety under Trog
  1093 | D:2      | Found Odicros's Antique Armour Shoppe.
  1763 | D:2      | Killed Crazy Yiuf
  1764 | D:2      | Reached skill level 3 in Dodging
  1764 | D:2      | Reached XP level 4. HP: 40/40 MP: 3/3
  1966 | D:3      | Reached skill level 5 in Axes
  2599 | D:4      | Noticed Ijyb
  2600 | D:4      | HP: 9/60 [wight (7)]
  2602 | D:4      | Reached skill level 1 in Shields
  2602 | D:4      | Reached XP level 5. HP: 6/47 MP: 4/4
  2603 | D:4      | Slain by a wight

Illustrated notes

Levels and vault maps discovered:
D:1:      lightli_arrival_statue_moat, layout_loops_ring,
          chequers_ecumenical_altar_simple_redux
D:2:      layout_rooms, serial_shops, nicolae_shop_stone,
          uniq_crazy_yiuf_cottage
D:3:      layout_basic, hex_tiny
D:4:      layout_rooms, mainiacjoe_overflow_alcove_1, ebering_ghost_rock_garden,
          uniq_ijyb

Skill      XL: |  1  2  3  4 |
---------------+-------------+-----
Axes           | 4 5 |  5.4
Fighting       | 4 |  4.5
Armour         | 3 |  3.7
Dodging        | 3 |  3.3
Shields        | 1 |  1.5

Action                   |  1- 3 |  4- 6 || total
-------------------------+-------+-------++-------
Melee: Hand axe          |    82 |    24 ||   106
       Headbutt          |    13 |     3 ||    16
       War axe           |       |    12 ||    12
Throw: Stone             |     4 |       ||     4
Invok: Berserk           |     1 |     1 ||     2
  Use: Scroll            |     2 |     2 ||     4
 Stab: Sleeping          |       |     1 ||     1
Armor: Ring mail         |    19 |    11 ||    30
       Leather armour    |     2 |       ||     2
Dodge: Dodged            |    37 |    23 ||    60
Block: Tower shield      |       |     4 ||     4

Table legend: (Time is in decaauts)
 A = Elapsed time spent in this place.
 B = Non-inter-level travel time spent in this place.
 C = Inter-level travel time spent in this place.
 D = Time resting spent in this place.
 E = Time spent auto-exploring this place.
 F = Levels seen in this place.
 G = Mean time per level.
                   A        B        C        D        E       F      G
               +--------+--------+--------+--------+--------+-----+--------+
         Total |   2624 |   2583 |     41 |    161 |   1537 |   4 |  656.0 |
       Dungeon |   2624 |   2583 |     41 |    161 |   1537 |   4 |  656.0 |
               +--------+--------+--------+--------+--------+-----+--------+

Top non-repeatable levels by time:
     D:2: 970 daAuts
     D:1: 871 daAuts
     D:3: 760 daAuts
     D:4: 21 daAuts

Table legend:
 A = Kills in this place as a percentage of kills in entire the game.
 B = Kills by you in this place as a percentage of kills by you in the entire game.
 C = Kills by friends in this place as a percentage of kills by friends in the entire game.
 D = Other kills in this place as a percentage of other kills in the entire game.
 E = Experience gained in this place as a percentage of experience gained in the entire game.
 F = Experience gained in this place divided by the number of levels of this place that you have seen.
                   A       B       C       D       E      F
               +-------+-------+-------+-------+-------+----------------------
         Total | 100.0 | 100.0 |   N/A |   N/A | 100.0 |  88.8
       Dungeon | 100.0 | 100.0 |   N/A |   N/A | 100.0 |  88.8
               +-------+-------+-------+-------+-------+----------------------
